 Dungeon Crawl Stone Soup version 0.30-a0-553-g7fabdf1491 (webtiles) character file.

Game seed: 10391324556206602909

1919 arthad the Insei (level 9, -2/80 HPs)
             Began as a Gnoll Transmuter on Dec 26, 2022.
             Was a Priest of Qazlal.
             Slain by a yak (7 damage)
             ... on level 5 of the Dungeon.
             The game lasted 00:13:42 (4159 turns).

arthad the Insei (Gnoll Transmuter)                 Turns: 4159, Time: 00:13:43

Health: -2/80      AC:  6    Str:  9    XL:     9   Next: 16%
Magic:  26/27      EV: 12    Int: 16    God:    Qazlal [***...]
Gold:   138        SH:  4    Dex: 14    Spells: 11/21 levels left

rFire   x . .      SeeInvis .      - Unarmed
rCold   + + +      Faith    .    (shield currently unavailable)
rNeg    . . .      Spirit   .    (body armour currently unavailable)
rPois   +          Reflect  .    (helmet currently unavailable)
rElec   .          Harm     .    (cloak currently unavailable)
rCorr   .          Rampage  .    (gloves currently unavailable)
Will    +....                    (boots currently unavailable)
Stlth   ++                       (no amulet)
HPRegen 0.33/turn                l - ring of magical power
MPRegen 0.20/turn                d - ring of willpower

@: ice-form
A: freezing attack, amphibious, boosted hp, large, (fangs 1), strong nose,
distributed training
a: End Transformation, Renounce Religion, Upheaval, Elemental Force


You were on level 5 of the Dungeon.
You worshipped Qazlal.
Qazlal was most pleased with you.
You were a creature of crystalline ice.
You visited 1 branch of the dungeon, and saw 5 of its levels.
You also visited: Sewer.

You collected 138 gold pieces.

Inventory:

Hand Weapons
 c - a +2 dagger of speed
Missiles
 q - 22 poisoned darts
 r - 7 curare-tipped darts
Armour
 a - a +0 robe
 p - the +0 robe "Neyhuoj" (melded) {rElec rPois Regen+}
   (You found it on level 3 of the Dungeon)

   rElec:     It insulates you from electricity.
   rPois:     It protects you from poison.
   Regen:     It increases your rate of health regeneration.
 t - the +0 ring mail of Untold Secrets {Str-3 Int+7 Stlth+}
   (You found it on level 3 of the Dungeon)

   Str:       It affects your strength (-3).
   Int:       It affects your intelligence (+7).
   Stlth:     It makes you more stealthy.
 A - a +0 pair of gloves
Jewellery
 d - a ring of willpower (right front paw)
 l - a ring of magical power (left front paw)
Wands
 s - a wand of acid (4)
Scrolls
 e - a scroll of vulnerability
 g - 6 scrolls of teleportation {unknown}
 h - a scroll of fear
 i - 3 scrolls of blinking {unknown}
 j - 3 scrolls of identify
 k - a scroll of poison
 o - a scroll of summoning
 v - a scroll of torment {unknown}
 x - 4 scrolls of amnesia {unknown}
 y - a scroll of silence {unknown}
 B - a scroll of noise {unknown}
 C - a scroll of magic mapping
Potions
 b - a potion of lignification
 f - a potion of ambrosia {unknown}
 m - a potion of mutation {unknown}
 n - 3 potions of haste
 u - 2 potions of invisibility {unknown}
 w - 3 potions of flight {unknown}
 z - a potion of heal wounds {unknown}
 D - a potion of cancellation {unknown}


   Skills:
 + Level 4.9 Fighting
 + Level 4.1 Short Blades
 + Level 4.1 Long Blades
 + Level 4.1 Axes
 + Level 4.1 Maces & Flails
 + Level 4.1 Polearms
 + Level 4.1 Staves
 + Level 4.1 Ranged Weapons
 + Level 4.1 Throwing
 + Level 4.1 Armour
 + Level 6.2 Dodging
 + Level 4.1 Stealth
 + Level 4.1 Shields
 + Level 7.8 Unarmed Combat
 + Level 6.5 Spellcasting
 + Level 3.4 Conjurations
 + Level 3.4 Hexes
 + Level 3.4 Summonings
 + Level 3.4 Necromancy
 + Level 3.4 Translocations
 + Level 5.1 Transmutations
 + Level 3.4 Fire Magic
 + Level 3.4 Ice Magic
 + Level 3.4 Air Magic
 + Level 3.4 Earth Magic
 + Level 3.4 Poison Magic
 + Level 4.5 Invocations
 + Level 4.1 Evocations


You had 11 spell levels left.
You knew the following spells:

 Your Spells              Type           Power      Damage    Failure   Level
a - Beastly Appendage     Tmut           42%        N/A       1%          1
b - Wereblood             Tmut           21%        N/A       2%          2
c - Spider Form           Tmut/Pois      18%        N/A       7%          3
d - Ice Form              Ice/Tmut       18%        N/A       22%         4

Your spell library contained the following spells:

 Spells                   Type           Power      Damage    Failure   Level


Dungeon Overview and Level Annotations

Branches:
Dungeon (5/15)             Temple (0/1) D:5           Sewer (visited)

Altars:
Ashenzari
Elyvilon
Gozag
Okawaru
Qazlal
Ru
Trog


Innate Abilities, Weirdness & Mutations

You are a creature of crystalline ice.
You have a powerful freezing melee attack.
You are amphibious.
Your maximum health is increased.
Your armour is entirely melded.
You are incapable of wielding weapons or throwing items.
((You have very sharp teeth.))
Your uncanny sense of smell can sniff out nearby items.
Your experience applies equally to all skills.


Message History

Your Long Blades skill increases to level 4!
Your Axes skill increases to level 4!
Your Maces & Flails skill increases to level 4!
Your Polearms skill increases to level 4!
Your Staves skill increases to level 4!
Your Ranged Weapons skill increases to level 4!
Your Throwing skill increases to level 4!
Your Armour skill increases to level 4!
Your Stealth skill increases to level 4!
Your Shields skill increases to level 4!
Your Evocations skill increases to level 4!
You have reached level 9!
Your experience leads to an increase in your attributes!
Increase (S)trength, (I)ntelligence, or (D)exterity?
You feel clever. x2
You punch the yak! You freeze the yak.
The yak is heavily wounded.
The yak misses you. The yak gores you!
You hit the yak. You freeze the yak.
The yak is severely wounded.
The yak gores you!
* * * LOW HITPOINT WARNING * * *
The yak misses you.
You pummel the yak!! You freeze the yak.
You kill the yak!
Qazlal accepts your kill. The yak gores you!
* * * LOW HITPOINT WARNING * * *
You punch the yak! You freeze the yak.
The yak is heavily wounded.
You block the yak's attack.
You punch the yak! You freeze the yak.
The yak is severely wounded.
You hit the yak. You freeze the yak.
The yak is almost dead.
The yak barely misses you.
You hit the yak. You freeze the yak.
The yak is almost dead.
The yak gores you!
You die...

.....#....#.......#.......##...##
.....#....#)......#..........>...
#...###..##.......#####...##...##
#...###+######+##..........##.##(
#...'...........#.......##..#.#..
#...#...........#........##.....#
).).#...........#.........##..)##
#...#...........#Y....^....#...#.
#)..#...........Y†...............
#...#...........#†.........)....#
#...##...##'#####...............#
#...##...#..........[#####......#
+........#...........# #......#
#........#......?....# +......#
#........#...........# #......#
######...#...........# #......#
.. #...#...........# #.......


You could see a yak.

Vanquished Creatures
  Grinder (D:5)
  5 yaks (D:5)
  Duvessa (D:5)
  A centaur (D:4)
  4 kobold brigands (Sewer)
  2 scorpions
  Dowan (D:5)
  A jelly (D:5)
  An orc priest (D:3)
  A hound (D:4)
  An iguana (D:4)
  2 orc wizards
  6 gnolls
  7 adders
  An ufetubus (D:4)
  3 worms
  3 dart slugs
  6 orcs
  11 endoplasms
  3 giant cockroaches
  8 goblins
  5 hobgoblins
  2 quokkas
  12 ball pythons
  5 bats
  3 frilled lizards
  13 kobolds
  3 rats
112 creatures vanquished.

Notes
Turn   | Place    | Note
-------+----------+-------------------------------------------
     0 | D:1      | arthad the Gnoll Transmuter began the quest for the Orb.
     0 | D:1      | Reached XP level 1. HP: 17/17 MP: 6/6
   293 | D:1      | Reached XP level 2. HP: 23/23 MP: 5/7
   631 | D:1      | Reached skill level 5 in Spellcasting
   631 | D:1      | Reached XP level 3. HP: 25/28 MP: 7/9
   634 | D:1      | Learned a level 2 spell: Wereblood
   638 | D:1      | Learned a level 3 spell: Spider Form
  1126 | D:2      | Found a faded altar of an unknown god.
  1134 | D:2      | Prayed at the altar of an unknown god.
  1134 | D:2      | Became a worshipper of Qazlal Stormbringer
  1134 | D:2      | Reached * piety under Qazlal
  1161 | D:2      | Reached skill level 1 in Invocations
  1445 | D:2      | Reached skill level 1 in Short Blades
  1445 | D:2      | Reached skill level 1 in Long Blades
  1445 | D:2      | Reached skill level 1 in Axes
  1445 | D:2      | Reached skill level 1 in Maces & Flails
  1445 | D:2      | Reached skill level 1 in Polearms
  1445 | D:2      | Reached skill level 1 in Staves
  1445 | D:2      | Reached skill level 1 in Ranged Weapons
  1445 | D:2      | Reached skill level 1 in Throwing
  1445 | D:2      | Reached skill level 1 in Armour
  1445 | D:2      | Reached skill level 1 in Stealth
  1445 | D:2      | Reached skill level 1 in Shields
  1445 | D:2      | Reached skill level 1 in Evocations
  1716 | D:3      | Identified the +0 robe "Neyhuoj" {rElec rPois Regen+}
  1899 | D:3      | Reached XP level 4. HP: 31/34 MP: 11/11
  2014 | D:3      | Identified the +0 ring mail of Untold Secrets {Str-3 Int+7
                  | Stlth+}
  2237 | D:3      | Noticed a scorpion
  2243 | D:3      | Killed a scorpion
  2244 | D:3      | Reached skill level 1 in Conjurations
  2244 | D:3      | Reached skill level 1 in Hexes
  2244 | D:3      | Reached skill level 1 in Summonings
  2244 | D:3      | Reached skill level 1 in Necromancy
  2244 | D:3      | Reached skill level 1 in Translocations
  2244 | D:3      | Reached skill level 1 in Fire Magic
  2244 | D:3      | Reached skill level 1 in Ice Magic
  2244 | D:3      | Reached skill level 1 in Air Magic
  2244 | D:3      | Reached skill level 1 in Earth Magic
  2244 | D:3      | Reached skill level 1 in Poison Magic
  2244 | D:3      | Reached XP level 5. HP: 40/40 MP: 12/12
  2524 | D:4      | Found a glowing drain.
  2526 | D:4      | Reached ** piety under Qazlal
  2536 | Sewer    | Entered a sewer
  2637 | Sewer    | Noticed a kobold brigand
  2654 | Sewer    | Killed a kobold brigand
  2655 | Sewer    | Reached skill level 5 in Dodging
  2655 | Sewer    | Reached XP level 6. HP: 36/47 MP: 14/14
  2886 | Sewer    | Reached XP level 7. HP: 43/52 MP: 15/15
  3008 | Sewer    | Reached skill level 7 in Unarmed Combat
  3188 | D:4      | Found a white marble altar of Elyvilon.
  3189 | D:4      | Found a sacrificial altar of Ru.
  3191 | D:4      | Found an iron altar of Okawaru.
  3191 | D:4      | Found an opulent altar of Gozag.
  3279 | D:4      | Found a bloodstained altar of Trog.
  3281 | D:4      | Found a broken altar of Ashenzari.
  3353 | D:4      | Reached *** piety under Qazlal
  3815 | D:4      | Learned a level 4 spell: Ice Form
  3863 | D:5      | Entered Level 5 of the Dungeon
  3865 | D:5      | Found a stormy altar of Qazlal.
  3913 | D:5      | Noticed a yak
  3946 | D:5      | Reached XP level 8. HP: 60/60 MP: 16/16
  3999 | D:5      | Noticed Duvessa
  4000 | D:5      | Noticed Dowan
  4005 | D:5      | Killed Duvessa
  4010 | D:5      | Killed Dowan
  4021 | D:5      | Found a staircase to the Ecumenical Temple.
  4026 | D:5      | Noticed Grinder
  4037 | D:5      | Killed Grinder
  4134 | D:5      | Noticed a yak
  4134 | D:5      | Noticed a yak
  4135 | D:5      | Noticed a yak
  4138 | D:5      | Noticed a yak
  4138 | D:5      | Noticed a yak
  4145 | D:5      | Killed a yak
  4148 | D:5      | Killed a yak
  4151 | D:5      | Killed a yak
  4152 | D:5      | Reached skill level 5 in Transmutations
  4152 | D:5      | Killed a yak
  4153 | D:5      | Reached XP level 9. HP: 39/67 MP: 18/18
  4155 | D:5      | HP: 4/80 [yak (12)]
  4159 | D:5      | Slain by a yak

Illustrated notes

Levels and vault maps discovered:
D:1:      scummos_arrival_simple_fountains, layout_basic,
          minmay_indecisive_spiral
D:2:      layout_rooms, shapermc_ecumenical_altar_acropolis
D:3:      layout_loops_corners
D:4:      layout_loops_ring, grunt_temple_overflow_open,
          cheibrodos_sewer_entry_sluice
D:5:      layout_gridville, grunt_qazlal_clouds, minmay_temple_entry_waves,
          uniq_duvessa, uniq_grinder

Skill      XL: |  1  2  3  4  5  6  7  8 |
---------------+-------------------------+-----
Spellcasting   | 5 6 |  6.5
Invocations    | 1 2 3 4 |  4.5
Short Blades   | 1 2 3 4 |  4.1
Long Blades    | 1 2 3 4 |  4.1
Axes           | 1 2 3 4 |  4.1
Maces & Flails | 1 2 3 4 |  4.1
Polearms       | 1 2 3 4 |  4.1
Staves         | 1 2 3 4 |  4.1
Ranged Weapons | 1 2 3 4 |  4.1
Throwing       | 1 2 3 4 |  4.1
Armour         | 1 2 3 4 |  4.1
Stealth        | 1 2 3 4 |  4.1
Shields        | 1 2 3 4 |  4.1
Evocations     | 1 2 3 4 |  4.1
Conjurations   | 1 2 3 |  3.4
Hexes          | 1 2 3 |  3.4
Summonings     | 1 2 3 |  3.4
Necromancy     | 1 2 3 |  3.4
Translocations | 1 2 3 |  3.4
Fire Magic     | 1 2 3 |  3.4
Ice Magic      | 1 2 3 |  3.4
Air Magic      | 1 2 3 |  3.4
Earth Magic    | 1 2 3 |  3.4
Poison Magic   | 1 2 3 |  3.4
Fighting       | 3 4 |  4.9
Transmutations | 4 5 |  5.1
Dodging        | 5 6 |  6.2
Unarmed Combat | 7 |  7.8

Action                   |  1- 3 |  4- 6 |  7- 9 || total
-------------------------+-------+-------+-------++-------
Melee: Unarmed           |    84 |   108 |   147 ||   339
       Kick              |    14 |     6 |     8 ||    28
       Headbutt          |     4 |     8 |     9 ||    21
       Bite              |     4 |     7 |    10 ||    21
       Punch             |     3 |     6 |     3 ||    12
 Cast: Beastly Appendage |    23 |    10 |    10 ||    43
       Spider Form       |       |     1 |     6 ||     7
       Wereblood         |       |       |     1 ||     1
       Ice Form          |       |       |     1 ||     1
Evoke: Wand              |       |     1 |       ||     1
  Use: Scroll            |       |     8 |       ||     8
       Potion            |       |       |     2 ||     2
 Stab: Sleeping          |     1 |       |       ||     1
Armor: Robe              |    14 |     8 |     2 ||    24
       Skin              |       |     1 |     4 ||     5
Dodge: Dodged            |    54 |    49 |   105 ||   208
Block: Other             |     1 |    10 |    13 ||    24

Table legend: (Time is in decaauts)
 A = Elapsed time spent in this place.
 B = Non-inter-level travel time spent in this place.
 C = Inter-level travel time spent in this place.
 D = Time resting spent in this place.
 E = Time spent auto-exploring this place.
 F = Levels seen in this place.
 G = Mean time per level.
                   A        B        C        D        E       F      G
               +--------+--------+--------+--------+--------+-----+--------+
         Total |   4259 |   4130 |    129 |      5 |   3248 |   6 |  709.8 |
       Dungeon |   3511 |   3382 |    129 |      0 |   2751 |   5 |  702.2 |
         Sewer |    747 |    747 |      0 |      5 |    497 |   1 |  747.0 |
               +--------+--------+--------+--------+--------+-----+--------+

Top non-repeatable levels by time:
     D:1: 1002 daAuts
     D:3: 846 daAuts
     D:4: 752 daAuts
   Sewer: 747 daAuts
     D:2: 622 daAuts
     D:5: 288 daAuts
